 Dungeon Crawl Stone Soup version 0.30-a0-949-g53dc5368d7 (webtiles) character file.

Game seed: 16227827414394214888

993 Dirtsage the Cleaver (level 7, 0/53 HPs)
             Began as a Demonspawn Fighter on Mar 27, 2023.
             Slain by a troll (3 damage)
             ... on level 6 of the Dungeon.
             The game lasted 00:06:45 (5130 turns).

Dirtsage the Cleaver (Demonspawn Fighter)           Turns: 5130, Time: 00:06:46

Health: 0/53       AC: 13    Str: 18    XL:     7   Next: 98%
Magic:  7/7        EV:  9    Int: 10    God:
Gold:   347        SH: 13    Dex: 12    Spells: 6/6 levels left

rFire   . . .      SeeInvis .    J - +3 hand axe
rCold   + . .      Faith    .    c - +0 buckler
rNeg    . . .      Spirit   .    b - +0 scale mail
rPois   .          Reflect  +    w - +0 helmet
rElec   .          Rampage  .    B - +0 cloak
rCorr   .                        (no gloves)
Will    .....                    (no boots) Stlth
                                 A - amulet of reflection
HPRegen 0.28/turn                I - ring of protection from cold
MPRegen 0.10/turn                (no ring)

@: no status effects
A: hooves 2, rugged brown scales 1, icemail 1, condensation shield
a: no special abilities


You were on level 6 of the Dungeon.
You visited 1 branch of the dungeon, and saw 6 of its levels.

You collected 347 gold pieces.

Inventory:

Hand Weapons
 a - a +0 war axe
 y - a +1 flail of protection
 J - a +3 hand axe (weapon)
Armour
 b - a +0 scale mail (worn)
 c - a +0 buckler (worn)
 w - a +0 helmet (worn)
 B - a +0 cloak (worn)
Magical Staves
 e - a staff of earth
Jewellery
 l - an amulet of guardian spirit
 A - an amulet of reflection (around neck)
 I - a ring of protection from cold (left hand)
Scrolls
 i - 8 scrolls of identify {unknown}
 j - a scroll of amnesia {unknown}
 m - 2 scrolls of teleportation {unknown}
 q - 3 scrolls of fear {unknown}
 r - a scroll of enchant weapon {unknown}
 t - a scroll of fog {unknown}
 x - 4 scrolls of vulnerability {unknown}
 C - a scroll of summoning {unknown}
 D - 3 scrolls of acquirement {unknown}
 E - a scroll of poison {unknown}
 F - a scroll of silence {unknown}
 H - a scroll of enchant armour {unknown}
Potions
 d - a potion of might
 f - 2 potions of heal wounds {unknown}
 g - 3 potions of flight {unknown}
 h - a potion of attraction {unknown}
 k - a potion of brilliance {unknown}
 n - 3 potions of haste {unknown}
 o - 3 potions of curing {unknown}
 p - 2 potions of degeneration {unknown}
 s - 2 potions of cancellation {unknown}
 u - a potion of berserk rage {unknown}
 v - 4 potions of lignification
 z - a potion of mutation {unknown}
 G - a potion of invisibility {unknown}


   Skills:
 - Level 3.0 Fighting
 + Level 8.7 Axes
 - Level 2.6 Armour
 - Level 2.6 Shields


You had 6 spell levels left.
You didn't know any spells.
Your spell library contained the following spells:

 Spells                   Type           Power      Damage    Failure   Level
 Gell's Gravitas          Tloc           0%         N/A       99%         3
 Teleport Other           Tloc           0%         N/A       99%         3
 Dispersal                Tloc           0%         N/A       100%        6


Dungeon Overview and Level Annotations

Branches:
Dungeon (6/15)
 Temple: D:4-7

Altars:
Hepliaklqana
Kikubaaqudgha
Vehumet

Annotations:
D:3 1 runed translucent door, Crazy Yiuf


Innate Abilities, Weirdness & Mutations

You have hoof-like feet.
You are partially covered in rugged brown scales. (AC +1, +3% HP)
A meltable icy envelope protects you from harm. (AC +4)
A meltable shield of frost defends you. (SH +4)


Message History

You barely miss the troll.
The troll is lightly wounded.
The troll bites you. You block the troll's attack. The troll claws you.
You take 9 damage, and have 22/53 hp.
You hit the troll.
The troll is moderately wounded.
You block the troll's attack. x2; The troll claws you but does no damage.
You hit the troll. Your kick misses the troll.
The troll is moderately wounded.
You block the troll's attack. x2; The troll closely misses you.
You hit the troll. You kick the troll.
The troll is moderately wounded.
You hit the troll. Your kick misses the troll.
The troll is moderately wounded.
The troll barely misses you. You block the troll's attack. The troll claws you!
* * * LOW HITPOINT WARNING * * *
You take 10 damage, and have 12/53 hp.
You hit the troll but do no damage. You kick the troll, but do no damage.
The troll is moderately wounded.
You block the troll's attack. The troll barely misses you. The troll claws you!
* * * LOW HITPOINT WARNING * * *
You take 8 damage, and have 4/53 hp.
You hit the troll. You kick the troll.
The troll is heavily wounded.
The troll bites you.
* * * LOW HITPOINT WARNING * * *
You block the troll's attack. The troll claws you.
* * * LOW HITPOINT WARNING * * *
You take 2 damage, and have 2/53 hp.
You closely miss the troll. You kick the troll, but do no damage.
The troll is heavily wounded.
You block the troll's attack. The troll claws you but does no damage.
The troll closely misses you.
You hit the troll. You kick the troll.
The troll is severely wounded.
You block the troll's attack. x2; The troll barely misses you.
You slash the troll! You kick the troll.
The troll is almost dead.
You block the troll's attack. The troll claws you.
You die...

##....................
#............#[.......
#..........###........
..###......#<#........
#..........#[.......
#.##########........
#...................
...#########........§.##
......T@...'....≈≈.≈§..#
...#########.....≈.≈§..#
#...≈.....≈.#
#...≈≈...≈≈.# ########
#......_..... #......#
#...≈§...≈§.. #.####.#
###.≈.....≈.. #.# #.#
#....≈§≈...# #.# #.#
#...≈≈.§≈...


You could see a troll.

Vanquished Creatures
  An orc warrior (D:6)
  The ghost of emiel the Ogre Mage, an amateur OgEE (D:4)
  2 phantoms (D:5)
  A bullfrog (D:6)
  A scorpion (D:5)
  3 hounds
  3 orc priests
  A sleepcap (D:6)
  Jessica (D:2)
  Terence (D:3)
  4 orc wizards (D:5)
  9 adders
  An ufetubus (D:5)
  A worm (D:3)
  3 dart slugs
  9 orcs
  6 bats
  7 endoplasms
  A giant cockroach (D:3)
  9 hobgoblins
  8 kobolds
  7 quokkas
  3 ball pythons
  6 frilled lizards
  7 goblins
  5 rats
101 creatures vanquished.

Notes
Turn   | Place    | Note
-------+----------+-------------------------------------------
     0 | D:1      | Dirtsage the Demonspawn Fighter began the quest for the
                  | Orb.
     0 | D:1      | Reached XP level 1. HP: 18/18 MP: 1/1
    41 | D:1      | Reached skill level 2 in Axes
    89 | D:1      | Gained mutation: You have large cloven feet. [demonic
                  | ancestry]
    89 | D:1      | Reached XP level 2. HP: 24/24 MP: 2/2
   288 | D:1      | Reached skill level 3 in Axes
   440 | D:1      | Gained mutation: A meltable shield of frost defends you.
                  | (SH +4) [demonic ancestry]
   440 | D:1      | Reached XP level 3. HP: 27/29 MP: 3/3
  1095 | D:2      | Noticed Jessica
  1098 | D:2      | Killed Jessica
  1099 | D:2      | Reached skill level 4 in Axes
  1099 | D:2      | Gained mutation: A meltable icy envelope protects you from
                  | harm. (AC +4) [demonic ancestry]
  1099 | D:2      | Reached XP level 4. HP: 35/35 MP: 4/4
  1347 | D:3      | Gained mutation: You are partially covered in rugged brown
                  | scales. (AC +1, +3% HP) [demonic ancestry]
  1347 | D:3      | Reached XP level 5. HP: 35/42 MP: 5/5
  1498 | D:3      | Reached skill level 5 in Axes
  1659 | D:3      | Found an ancient bone altar of Kikubaaqudgha.
  2030 | D:3      | Noticed Terence
  2040 | D:3      | Killed Terence
  2133 | D:3      | Found a runed translucent door.
  2134 | D:3      | Noticed Crazy Yiuf
  2784 | D:4      | You fall into a shaft and drop 1 floor!
  2784 | D:5      | Entered Level 5 of the Dungeon
  2806 | D:4      | Reached XP level 6. HP: 30/48 MP: 6/6
  2968 | D:4      | Found a large runed translucent door.
  2969 | D:4      | Found a large runed translucent door.
  3114 | D:4      | Noticed emiel's ghost (amateur OgEE)
  3530 | D:4      | Killed emiel's ghost
  3531 | D:4      | Reached skill level 6 in Axes
  3852 | D:5      | Reached skill level 7 in Axes
  3856 | D:5      | Gained mutation: You have hoof-like feet. [demonic
                  | ancestry]
  3856 | D:5      | Reached XP level 7. HP: 53/53 MP: 7/7
  4678 | D:6      | Found a radiant altar of Vehumet.
  4710 | D:6      | Reached skill level 8 in Axes
  4757 | D:6      | Found a hazy altar of Hepliaklqana.
  5107 | D:6      | Noticed a troll
  5127 | D:6      | HP: 2/53 [troll (1)]
  5130 | D:6      | Slain by a troll

Illustrated notes

Levels and vault maps discovered:
D:1:      dpeg_arrival_connections, layout_rooms, minmay_crystal_water
D:2:      layout_basic, hex_intersection, uniq_jessica
D:3:      layout_loops_corners, mainiacjoe_overflow_six_doors_small,
          uniq_crazy_yiuf_cottage, uniq_terence
D:4:      layout_loops_corners, ebering_ghost_disaster_area, minmay_starry_boxes
D:5:      cheibrodos_helix_gallery, layout_cave_pods
D:6:      layout_basic, okawaru_trees_1, mainiacjoe_overflow_small_starburst,
          mainiacjoe_overflow_boulevard, marbit_many_paths, chequers_avenue,
          uniq_grinder

Skill      XL: |  1  2  3  4  5  6  7 |
---------------+----------------------+-----
Axes           | 2 3 4 5 7 8 |  8.7
Fighting       | |  3.0
Armour         | |  2.6
Shields        | |  2.6

Action                     |  1- 3 |  4- 6 |  7- 9 || total
---------------------------+-------+-------+-------++-------
  Melee: War axe           |    99 |   165 |    67 ||   331
         Kick              |    12 |    29 |    20 ||    61
         Hand axe          |       |       |    18 ||    18
    Use: Potion            |       |     1 |       ||     1
 Armour: Scale mail        |    35 |    67 |    23 ||   125
         Skin              |       |     6 |    22 ||    28
  Dodge: Dodged            |    34 |    64 |    20 ||   118
  Block: Buckler           |    46 |   113 |    66 ||   225
         Reflection        |       |     1 |     2 ||     3

Table legend: (Time is in decaauts)
 A = Elapsed time spent in this place.
 B = Non-inter-level travel time spent in this place.
 C = Inter-level travel time spent in this place.
 D = Time resting spent in this place.
 E = Time spent auto-exploring this place.
 F = Levels seen in this place.
 G = Mean time per level.
                   A        B        C        D        E       F      G
               +--------+--------+--------+--------+--------+-----+--------+
         Total |   5223 |   5039 |    184 |    303 |   3945 |   6 |  870.5 |
       Dungeon |   5223 |   5039 |    184 |    303 |   3945 |   6 |  870.5 |
               +--------+--------+--------+--------+--------+-----+--------+

Top non-repeatable levels by time:
     D:5: 1133 daAuts
     D:3: 1130 daAuts
     D:4: 1096 daAuts
     D:2: 752 daAuts
     D:1: 630 daAuts
     D:6: 481 daAuts
